Map: 2000 Atmospheres LE

Players

Neeb

  • Race: Protoss Protoss

TIME (Oliveira) - Winner!

  • Race: Terran Terran

Event: DreamHack SC2 Masters 2021 Summer

VOD

Have the link to the VOD?

Description

Time

  • Played on: July 2, 2021, 10:23 a.m.
  • Length: 7:40

All games in this series

Show
View Real Time Build Order
Export as new Build Order

Neeb Protoss 

Build Orders: 1 Gate Expand, Oracle Opening, Phoenix Opening 

Get SALT Encoding   

  12  0:00  Probe  
  13  0:12  Probe  
  14  0:18  Pylon  
  14  0:24  Probe  
  15  0:36  Probe (Chrono Boost)  
  15  0:37  Gateway  
  16  0:46  Probe (Chrono Boost)  
  16  0:48  Assimilator  
  17  0:51  Probe (Chrono Boost)  
  18  1:03  Probe  
  19  1:15  Probe  
  20  1:25  Cybernetics Core  
  20  1:33  Nexus  
  20  1:38  Probe  
  21  1:42  Pylon  
  21  1:50  Probe, Assimilator  
  22  2:01  Adept  
  22  2:02  Probe (Chrono Boost)  
  25  2:12  Probe (Chrono Boost)  
  26  2:17  Probe (Chrono Boost)  
  26  2:21  Stargate  
  27  2:28  Probe (Chrono Boost)  
  28  2:31  Adept  
  28  2:35  Warp Gate  
  31  2:37  Probe (Chrono Boost)  
  31  2:43  Probe  
  31  2:45  Probe  
  31  2:49  Shield Battery  
  33  2:55  Probe  
  33  2:58  Probe  
  35  2:59  Shield Battery  
  35  3:02  Oracle (Chrono Boost)  
  38  3:08  Probe  
  38  3:11  Probe  
  40  3:13  Adept  
  40  3:18  Pylon  
  42  3:20  Probe  
  42  3:23  Probe  
  44  3:32  Gateway  
  44  3:33  Phoenix (Chrono Boost)  
  46  3:36  Probe  
  45  3:41  Gateway  
  45  3:44  Probe (Chrono Boost)  
  42  3:48  Probe (Chrono Boost)  
  40  4:00  Probe (Chrono Boost)  
  40  4:02  Probe (Chrono Boost)  
  42  4:06  Probe (Chrono Boost)  
  42  4:09  Probe (Chrono Boost)  
  46  4:20  Probe x2  
  46  4:22  Robotics Facility  
  46  4:28  Nexus  
  46  4:32  Probe  
  46  4:34  Probe  
  46  4:37  Sentry  
  50  4:40  Pylon  
  50  4:42  Assimilator  
  50  4:44  Probe  
  51  4:46  Probe  
  51  4:47  Pylon  
  52  4:56  Probe  
  52  4:59  Stalker x2  
  57  5:01  Probe  
  57  5:02  Pylon  
  58  5:08  Probe  
  58  5:12  Immortal (Chrono Boost)  
  58  5:13  Probe  
  60  5:15  Pylon  
  65  5:21  Stalker  
  65  5:24  Stalker  
  68  5:28  Probe  
  68  5:30  Stalker  
  68  5:31  Probe  
  68  5:35  Shield Battery  
  72  5:43  Probe  
  72  5:47  Stalker  
  72  5:48  Stalker  
  77  5:52  Probe x2, Immortal (Chrono Boost)  
  83  6:03  Probe (Chrono Boost)  
  82  6:04  Probe (Chrono Boost)  
  82  6:09  Probe (Chrono Boost)  
  84  6:12  Pylon  
  84  6:16  Probe (Chrono Boost)  
  84  6:17  Probe (Chrono Boost)  
  87  6:19  Probe (Chrono Boost)  
  87  6:20  Probe (Chrono Boost)  
  87  6:21  Robotics Bay  
  87  6:25  Probe  
  89  6:26  Zealot x2, Sentry  
  89  6:29  Probe  
  89  6:31  Probe, Pylon  
  97  6:34  Pylon  
  97  6:35  Assimilator  
  97  6:36  Assimilator  
  97  6:37  Probe  
  98  6:41  Probe  
  98  6:42  Observer  
  98  6:44  Probe  
  101  6:49  Probe  
  101  6:53  Probe  
  103  6:56  Assimilator  
  103  7:01  Gateway  
  103  7:03  Twilight Council  
  103  7:06  Gateway x2  
  103  7:11  Shield Battery  
  103  7:14  Probe  
  103  7:15  Probe x2  
  112  7:17  Zealot x3  
Show
View Real Time Build Order
Export as new Build Order

TIME Terran - Winner!

Build Orders:  

Get SALT Encoding   

  12  0:00  SCV  
  13  0:12  SCV  
  14  0:17  Supply Depot  
  14  0:24  SCV  
  15  0:29  Refinery  
  15  0:38  SCV  
  16  0:44  Barracks  
  16  0:50  SCV  
  17  1:02  SCV  
  18  1:15  SCV  
  19  1:31  Orbital Command, Marine  
  19  1:32  Factory  
  20  1:37  Supply Depot  
  20  1:50  Barracks Reactor  
  20  1:57  SCV  
  21  2:09  SCV  
  21  2:14  Command Center  
  22  2:21  SCV  
  27  2:30  Hellion x2  
  27  2:32  Supply Depot  
  27  2:35  SCV  
  28  2:47  Barracks Tech Lab  
  28  2:50  SCV  
  31  2:51  Hellion  
  31  2:53  Hellion  
  31  2:56  Refinery  
  33  3:02  SCV  
  33  3:03  Barracks  
  34  3:14  SCV  
  35  3:20  Marine  
  35  3:21  Marine  
  35  3:26  Cyclone  
  35  3:27  Orbital Command  
  40  3:31  SCV  
  39  3:49  Marine  
  39  3:54  Barracks Tech Lab, Marine  
  36  3:55  SCV x2  
  36  3:57  Bunker  
  36  4:00  Siege Tank  
  40  4:07  SCV x2  
  40  4:09  Marine  
  43  4:12  Marine  
  43  4:13  Marine  
  43  4:14  Stimpack  
  45  4:18  Starport  
  45  4:19  SCV  
  45  4:21  SCV  
  47  4:26  Supply Depot  
  47  4:27  Marine  
  47  4:30  Marine  
  49  4:32  SCV  
  49  4:34  Marine  
  49  4:36  Siege Tank  
  54  4:45  Engineering Bay  
  54  4:47  SCV, Marine  
  54  4:49  SCV, Marine  
  58  4:53  Marine  
  58  4:55  Supply Depot  
  58  4:56  Medivac  
  58  4:57  Refinery  
  58  4:59  SCV  
  62  5:02  Supply Depot  
  62  5:07  Marine  
  62  5:10  SCV  
  62  5:12  SCV  
  62  5:16  Barracks, Marine x2  
  62  5:19  Factory Reactor  
  62  5:20  Missile Turret  
  64  5:23  Terran Infantry Weapons Level 1  
  64  5:26  SCV x2  
  66  5:31  Starport Reactor  
  66  5:34  Marine  
  67  5:38  SCV x2  
  67  5:40  Marine  
  67  5:48  Marine, Missile Turret  
  67  5:49  Supply Depot  
  67  5:50  SCV x2  
  67  5:52  Marine  
  67  5:53  Combat Shield  
  70  6:02  SCV x2, Marine  
  73  6:07  Marauder  
  73  6:09  Marauder  
  77  6:14  SCV, Medivac x2  
  77  6:15  Marine  
  77  6:17  SCV  
  84  6:24  Marine, Supply Depot  
  85  6:26  Supply Depot  
  85  6:31  Refinery, SCV  
  86  6:41  Concussive Shells  
  86  6:45  Marine  
  86  6:46  Widow Mine x2, SCV, Marauder  
  94  6:47  Medivac  
  94  6:48  Marauder  
  94  6:50  SCV  
  99  6:59  Marine  
  100  7:01  Supply Depot  
  100  7:03  Marine, Supply Depot  
  101  7:08  Marine  
  102  7:24  SCV  
Tags
 
Add a new tag
Caveats
  • Supply blocks, unpowered buildings, or Contaminate may cause inaccurate times.
  • Supply counts are checked every 10 seconds.